 Dungeon Crawl Stone Soup version 0.31.0-11-ge490571c62 (webtiles) character file.

Game seed: 15281694544172250172

92 Descartes the Shield-Bearer (level 4, -1/35 HPs)
             Began as a Formicid Fighter on Feb 9, 2024.
             Succumbed to a gnoll's poison
             ... on level 2 of the Dungeon.
             The game lasted 00:01:41 (1010 turns).

Descartes the Shield-Bearer (Formicid Fighter)      Turns: 1010, Time: 00:01:42

Health: -1/35      AC:  6    Str: 23    XL:     4   Next: 90%
Magic:  4/4        EV:  9    Int:  7    God:
Gold:   89         SH:  5    Dex: 13    Spells: 3/3 levels left

rFire   . . .        a - +0 war axe
rCold   . . .        c - +0 buckler
rNeg    . . .        f - +0 scale mail
rPois   .            (helmet unavailable)
rElec   .            (no cloak)
rCorr   .            (no gloves)
SInv    +            (no boots)
Will    .....        (no amulet) Stlth
                     (no ring)
HPRegen 0.25/turn    (no ring)
MPRegen 0.09/turn

%: no passive effects
@: lethally poisoned (-1 -> -7)
A: permanent stasis, dig shafts and tunnels, antennae 3, four strong arms
a: Dig, Shaft Self


You were on level 2 of the Dungeon.
You visited 1 branch of the dungeon, and saw 2 of its levels.

You collected 89 gold pieces.

Inventory:

Hand Weapons
 a - a +0 war axe (weapon)
 b - a +0 arbalest
Armour
 c - a +0 buckler (worn)
 f - a +0 scale mail (worn)
Jewellery
 i - a +5 ring of evasion
Scrolls
 e - a scroll of amnesia {unknown}
Potions
 d - a potion of might
 g - a potion of berserk rage {unknown}
 h - 2 potions of haste
 j - a potion of lignification {unknown}


   Skills:
 - Level 3.2 Fighting
 - Level 2.0 Axes
 - Level 3.2 Armour
 + Level 6.4 Shields
 + Level 1.4 Translocations


You had 3 spell levels left.
You didn't know any spells.
Your spell library contained the following spells:

 Spells                   Type           Power      Damage    Failure   Level
 Manifold Assault         Tloc           1%         N/A       100%        4
 Dispersal                Tloc           0%         N/A       100%        6
 Disjunction              Tloc           0%         N/A       100%        8


Dungeon Overview and Level Annotations

Branches:
Dungeon (2/15)

Altars:


Innate Abilities, Weirdness & Mutations

You cannot be hasted, slowed, berserked, paralysed or teleported.
You can dig through walls and to a lower floor.
You have a pair of large antennae on your head. (SInv)
Your four strong arms can wield two-handed weapons with a shield.


Message History

You now have 89 gold pieces (gained 25).
A gnoll comes into view. It is wielding a +0 flail.
The gnoll shouts!
A gnoll is nearby!
A ribbon worm and 2 gnolls come into view.
The gnoll shouts!
A gnoll comes into view. It is wielding a +2 whip of venom.
The gnoll shouts!
The gnoll hits you from afar with a +0 spear.
Found a scroll labelled ESHREE NADYWIU.
The gnoll closely misses you. The gnoll barely misses you.
You barely miss the gnoll. You hit the gnoll but do no damage.
The gnoll barely misses you. x2; The gnoll hits you with a +0 spear.
The gnoll hits you with a +0 flail.
You completely miss the gnoll. You hit the gnoll. x2
You block the gnoll's attack. The gnoll closely misses you.
You block the gnoll's attack.
You closely miss the gnoll.
The gnoll is heavily wounded.
You hit the gnoll. You closely miss the gnoll.
The gnoll hits you with a +2 whip of venom.
You are poisoned.
The gnoll hits you with a +0 flail. The gnoll completely misses you. x2
The gnoll closely misses you. You block the gnoll's attack.
You feel very sick. You block the gnoll's attack.
You hit the gnoll.
The gnoll is heavily wounded.
You feel very sick. The gnoll barely misses you. x2
You closely miss the gnoll.
The gnoll is heavily wounded.
You feel very sick.
The gnoll hits you from afar with a +0 spear.
* * * LOW HITPOINT WARNING * * *
The gnoll hits you with a +0 flail!
* * * LOW HITPOINT WARNING * * *
It was a potion of haste.
Your stasis prevents you from being hasted.
You die...

### #### #.. ..# #.#
#.# # #.#####.#####
##.###...........# .
.....#####.###.# #
.##†.#####.# #@# ##.
#........# #g# ..
#.########.ggw.# .#
#.# #..g...#
.####.#######..#.#.#
...........##....#.#
..####.....##...##.#
...........##. . #
...###...$.##?..


You could see a ribbon worm and 4 gnolls.

Vanquished Creatures
  4 adders (D:2)
  2 dart slugs
  4 endoplasms (D:1)
  5 giant cockroaches
  5 goblins
  4 hobgoblins (D:1)
  5 kobolds
  3 quokkas (D:1)
  4 ball pythons
  6 bats
  3 frilled lizards
  5 rats
50 creatures vanquished.

Notes
Turn   | Place    | Note
-------+----------+-------------------------------------------
     0 | D:1      | Descartes the Formicid Fighter began the quest for the Orb.
     0 | D:1      | Reached XP level 1. HP: 18/18 MP: 1/1
   139 | D:1      | Reached XP level 2. HP: 23/24 MP: 2/2
   379 | D:1      | Reached skill level 5 in Shields
   498 | D:1      | Reached XP level 3. HP: 29/29 MP: 3/3
   709 | D:2      | Reached skill level 6 in Shields
   711 | D:2      | Reached XP level 4. HP: 35/35 MP: 4/4
   724 | D:2      | Reached skill level 1 in Translocations
  1009 | D:2      | HP: 1/35 [gnoll/+0 flail (7)]
  1010 | D:2      | Succumbed to a gnoll's poison

Illustrated notes

Levels and vault maps discovered:
D:1:      dpeg_arrival_rooms_b, layout_loops_ring
D:2:      layout_loops_cross

Skill      XL: |  1  2  3  4 |
---------------+-------------+-----
Shields        | 5 6 |  6.4
Translocations | 1 |  1.4
Fighting       | |  3.2
Axes           | |  2.0
Armour         | |  3.2

Action                     |  1- 3 |  4- 6 || total
---------------------------+-------+-------++-------
  Melee: War axe           |    99 |    53 ||   152
    Use: Potion            |       |     1 ||     1
 Armour: Scale mail        |    71 |    47 ||   118
  Dodge: Dodged            |    57 |    40 ||    97
  Block: Buckler           |    32 |    24 ||    56
